 Dungeon Crawl Stone Soup version 0.29-a0-398-ge13fd1374b (webtiles) character file.

Game seed: 14618760141250714704

1122 zeratav the Digger (level 8, -1/41 HPs)
             Began as an Octopode Earth Elementalist on May 12, 2022.
             Was a Believer of Hepliaklqana.
             Killed by divine providence
             ... invoked by an orc priest
              (10 damage)
             ... on level 5 of the Dungeon.
             The game lasted 00:08:33 (5710 turns).

zeratav the Digger (Octopode Earth Elementalist)    Turns: 5710, Time: 00:08:33

Health: -1/41      AC:  1    Str:  7    XL:     8   Next: 35%
Magic:  15/15      EV: 13    Int: 19    God:    Hepliaklqana [**....]
Gold:   233        SH:  0    Dex: 13    Spells: 13/17 levels left

rFire   . . .      SeeInvis .   n - +7 long sword of the Bequeathed God {vorpal, rElec Stlth+, long}
rCold   . . .      Faith    .   (no shield)
rNeg    + . .      Spirit   .   (helmet restricted)
rPois   .          Reflect  .   v - amulet of magic regeneration {@e2}
rElec   +          Harm     .   q - ring of positive energy
rCorr   .          Rampage  .   (no ring)
Will    .....                   (no ring)
Stlth   ++++......              (no ring)
HPRegen 0.13/turn               (no ring)
MPRegen 0.54/turn               (no ring)
                                (no ring)
                                (no ring)

@: marked
A: reduced essence, almost no armour, amphibious, 8 rings, camouflage 1,
gelatinous body 1, (nimble swimmer 1), tentacles
a: Renounce Religion, Recall Ancestor, Ancestor Identity


You were on level 5 of the Dungeon.
You worshipped Hepliaklqana.
Hepliaklqana was pleased with you.
You visited 1 branch of the dungeon, and saw 5 of its levels.
You also visited: Sewer.

You collected 233 gold pieces.


Innate Abilities, Weirdness & Mutations

Your life essence is reduced to manifest your ancestor. (-10% HP)
You cannot wear most types of armour.
You are amphibious.
You can wear up to eight rings at the same time.
Your skin changes colour to match your surroundings (Stealth+).
Your rubbery body absorbs attacks. (AC +1, EV +1)
((You are camouflaged when in or above water. (Stealth+)))
You have tentacles for arms and can constrict up to eight enemies at once.


   Skills:
 - Level 2.0 Dodging
 - Level 2.6 Stealth
 + Level 5.0 Spellcasting
 + Level 3.5 Transmutations
 * Level 7.9 Earth Magic


You had 13 spell levels left.
You knew the following spells:

 Your Spells              Type           Power      Damage    Failure   Level
a - Sandblast             Erth           70%        2d15      1%          1
b - Stone Arrow           Conj/Erth      38%        3d9       7%          3

Your spell library contained the following spells:

 Spells                   Type           Power      Damage    Failure   Level
 Passwall                 Tmut/Erth      21%        N/A       1%          2
 Petrify                  Tmut/Erth      26%        N/A       12%         4
 Tukima's Dance           Hex            4%         N/A       36%         3
 Blade Hands              Tmut           9%         N/A       63%         5
 Passage of Golubria      Tloc           4%         N/A       77%         4
 Irradiate                Conj/Tmut      5%         3d15      86%         5
 Yara's Violent Unravell  Hex/Tmut       5%         3d4       86%         5
 Dragon Form              Tmut           9%         N/A       100%        7

Inventory:

Hand Weapons
 n - the +7 long sword of the Bequeathed God (weapon) {vorpal, rElec Stlth+, long}
   (You found it on level 3 of the Dungeon)

   It inflicts extra damage upon your enemies.
   rElec:     It insulates you from electricity.
   Stlth:     It makes you more stealthy.
Missiles
 a - 71 stones {throwing}
Jewellery
 q - a ring of positive energy (left tentacle)
   (You found it in a sewer)
 v - an amulet of magic regeneration (around mantle) {@e2}
   (You found it on level 5 of the Dungeon)
Wands
 t - a wand of polymorph (9)
   (You found it on level 4 of the Dungeon)
Scrolls
 d - 5 scrolls of teleportation {unknown}
 e - a scroll of summoning {unknown}
 f - 2 scrolls of poison {unknown}
 h - 3 scrolls of identify {unknown}
 l - a scroll of vulnerability {unknown}
 m - a scroll of enchant weapon {unknown}
 o - 3 scrolls of blinking {unknown}
 p - a scroll of magic mapping {unknown}
Potions
 b - a potion of magic
 c - a potion of heal wounds {unknown}
 g - a potion of experience {unknown}
 i - a potion of lignification {unknown}
 j - 4 potions of degeneration {unknown}
 k - 6 potions of curing {unknown}
 r - a potion of might {unknown}
 s - a potion of cancellation {unknown}
 u - a potion of flight {unknown}

Dungeon Overview and Level Annotations

Branches:
Dungeon (5/15)              Sewer (visited)
 Temple: D:4-7

Altars:
Hepliaklqana
Okawaru
The Shining One

Annotations:
D:4 2 transporters, NinjaNoafa's ghost, amateur DsGl

#.................#
#...............##
#....R#....##...#
###..#####...#....#
#......###......### ..###
...................#
.....
.#.#...#..........##
#...#####.##.......#.###
.###.....##...o@...######
..........#.........#
#.........†.##.##.##
..#........o#######.#
..........c..## ###
..............#
....#..#o.....##
.......#..o....##
.......o........#


You could see a centaur, an orc priest and an orc.


Message History

The blast of sand misses the hound.
The hound bites you.
HP[-3] MP[-1]
You take 3 damage, and now have 38/41 hp.
You lost 1 mp, and now have 14/15 mp.
The blast of sand hits the hound!
The hound bites you.
Hamal hits the hound with a +0 flail!
The hound dies!
HP[-4]
You take 4 damage, and now have 34/41 hp.
You see here a hound corpse.
A sourceless malevolence fills the Dungeon...
With a horrendous wail, an alarm goes off!
A sentinel's mark forms upon you.
You hear a shout! x3; You hear a bark!
You hear a shout!
You hear an angry hiss.
You hear a shout! x6
HP[+7] MP[+1]
Your hp is fully restored (41).
Your mp is fully restored (15).
You swap places.
An orc comes into view. It is wielding a +0 short sword.
An orc wizard comes into view. It is wielding a +0 dagger.
An orc comes into view. It is wielding a +0 dagger.
A hound comes into view.
Hamal hits the orc wizard with a +0 flail.
Hamal barely misses the orc wizard.
An orc priest comes into view. It is wielding a +0 hand axe.
The hound attacks as you move away! The hound bites you.
An orc priest comes into view. It is wielding a +0 whip.
The orc priest mumbles some strange prayers to Beogh against you.
Beogh smites you!
The orc wizard mumbles some strange words.
The orc wizard flickers and vanishes!
Deactivating autopickup; reactivate with Ctrl-A.
Hamal blocks the orc's attack.
HP[-16]
You take 16 damage, and now have 25/41 hp.
MASSIVE DAMAGE!! (PAUSE)
Casting: Sandblast (safe; 1% risk of failure)
Confirm with . or Enter, or press ? or * to list all spells.
Aiming: Stone Arrow (dangerous; 8% risk of failure)
Press: ? - help, Shift-Dir - straight line, f - hound
Aim: a hound (56% to hit)
The stone arrow misses the hound.
The hound completely misses you.
Hamal hits the orc with a +0 flail!
The orc dies!
The hound bites you.
* * * LOW HITPOINT WARNING * * *
HP[-6] MP[-3]
You take 6 damage, and now have 19/41 hp.
You lost 3 mp, and now have 12/15 mp.
Casting: Stone Arrow (dangerous; 8% risk of failure)
Confirm with . or Enter, or press ? or * to list all spells.
Aiming: Sandblast (safe; 1% risk of failure)
Press: ? - help, Shift-Dir - straight line, f/p - hound
Aim: a hound (75% to hit)
The blast of sand hits the hound!!
You kill the hound!
A centaur comes into view.
Hamal completely misses the orc.
Your Spellcasting skill increases to level 5!
The orc priest invokes the aid of Beogh against you.
Pain shoots through your body!
* * * LOW HITPOINT WARNING * * *
HP[-4]
You take 4 damage, and now have 15/41 hp.
A puff of flame appears from out of thin air!
The puff of flame hits you.
* * * LOW HITPOINT WARNING * * *
HP[-5] MP[+1]
You take 5 damage, and now have 10/41 hp.
HP[+1] MP[+1] MP[+1]
Your mp is fully restored (15).
A quokka comes into view.
An ufetubus comes into view.
An orc comes into view. It is wielding a +0 hand axe.
The orc priest mumbles some strange prayers to Beogh against you.
You are unaffected.
You see here a hound corpse.
HP[+1]
The orc hits you with a +0 hand axe.
* * * LOW HITPOINT WARNING * * *
HP[-1]
You take 1 damage, and now have 11/41 hp.
The orc attacks as you move away! The orc hits you with a +0 hand axe.
* * * LOW HITPOINT WARNING * * *
The centaur wields a +0 shortbow.
The centaur shoots an arrow.
Reactivating autopickup.
You feel a bit more experienced.
HP[-2]
You take 2 damage, and now have 9/41 hp.
Casting: Sandblast (safe; 1% risk of failure)
Confirm with . or Enter, or press ? or * to list all spells.
Aiming: Sandblast (safe; 1% risk of failure)
Press: ? - help, Shift-Dir - straight line, f - ufetubus
Aim: an ufetubus (70% to hit)
The blast of sand hits the ufetubus!
You kill the ufetubus!
The orc priest invokes the aid of Beogh against you.
Beogh smites you!
You die...

Skill      XL: |  1  2  3  4  5  6  7  8 |
---------------+-------------------------+-----
Earth Magic    | 4 5 6 7 |  7.9
Spellcasting   | 3 4 5 |  5.0
Transmutations | 2 3 |  3.5
Dodging        | |  2.0
Stealth        | |  2.6

Action                   |  1- 3 |  4- 6 |  7- 9 || total
-------------------------+-------+-------+-------++-------
Melee: Mace              |    10 |       |       ||    10
       Constrict         |    22 |     8 |     8 ||    38
       Tentacles         |    20 |     7 |     6 ||    33
       Unarmed           |     2 |       |       ||     2
       Short sword       |    61 |    18 |       ||    79
       Long sword        |       |    14 |    51 ||    65
       Punch             |       |       |     2 ||     2
 Cast: Sandblast         |    10 |    18 |    21 ||    49
       Stone Arrow       |       |       |    10 ||    10
Invok: Ancestor Life: Kn |       |       |     1 ||     1
 Stab: Sleeping          |     8 |     9 |    16 ||    33
Armor: Skin              |     6 |     5 |     2 ||    13
Dodge: Dodged            |    59 |    22 |    27 ||   108

Levels and vault maps discovered:
D:1:      ldierk_walled_garden, layout_basic, minmay_strange_pillars,
          st_stairs_8
D:2:      layout_loops_corners, basic_altar, uniq_sigmund
D:3:      layout_basic, grunt_temple_overflow_open,
          chequers_ecumenical_altar_island, uniq_terence
D:4:      layout_cave_pools, gup_sewer_entry_spiral, gammafunk_ghost_smash,
          uniq_duvessa
D:5:      layout_cave_pools

Notes
Turn   | Place    | Note
-------+----------+-------------------------------------------
     0 | D:1      | zeratav the Octopode Earth Elementalist began the quest for
                  | the Orb.
     0 | D:1      | Reached XP level 1. HP: 11/11 MP: 3/3
     0 | D:1      | magus.rc [v1.9.6]
    80 | D:1      | Reached XP level 2. HP: 13/17 MP: 5/5
   609 | D:1      | Reached XP level 3. HP: 19/21 MP: 6/6
   898 | D:2      | Reached skill level 4 in Earth Magic
   958 | D:2      | Found a hazy altar of Hepliaklqana.
  1048 | D:2      | Became a worshipper of Hepliaklqana the Forgotten
  1573 | D:2      | Reached XP level 4. HP: 21/27 MP: 6/8
  1921 | D:2      | Identified a +2 robe of the Archmagi
  1921 | D:2      | Noticed Sigmund
  2109 | D:2      | Reached * piety under Hepliaklqana
  2315 | D:2      | Killed Sigmund
  2316 | D:2      | Reached skill level 3 in Spellcasting
  2316 | D:2      | Reached skill level 5 in Earth Magic
  2316 | D:2      | Reached XP level 5. HP: 21/27 MP: 4/10
  2316 | D:2      | Reached XP level 6. HP: 25/32 MP: 4/11
  2843 | D:3      | Noticed Terence
  2849 | D:3      | Killed Terence
  2850 | D:3      | Reached skill level 6 in Earth Magic
  2852 | D:3      | You add the spells Tukima's Dance, Passage of Golubria and
                  | Yara's Violent Unravelling to your library.
  3035 | D:3      | Found a faded altar of an unknown god.
  3171 | D:3      | Found a glowing golden altar of the Shining One.
  3173 | D:3      | Identified the +7 long sword of the Bequeathed God {vorpal,
                  | rElec Stlth+}
  3177 | D:3      | Found an iron altar of Okawaru.
  3183 | D:3      | You pick up a book of Transfigurations {@e2} and begin
                  | reading...
  3183 | D:3      | You add the spells Irradiate, Blade Hands and Dragon Form
                  | to your library.
  3304 | D:3      | Learned a level 3 spell: Stone Arrow
  3332 | D:3      | Noticed a black bear
  3340 | D:3      | Killed a black bear
  3341 | D:3      | Reached skill level 4 in Spellcasting
  3890 | D:4      | Found a glowing drain.
  3895 | Sewer    | Entered a sewer
  3899 | Sewer    | Reached XP level 7. HP: 35/36 MP: 13/13
  4342 | Sewer    | Reached skill level 2 in Transmutations
  4345 | Sewer    | HP: 7/36 [bullfrog (7)]
  4758 | D:4      | Reached skill level 7 in Earth Magic
  4803 | D:4      | Found a transporter.
  4804 | D:4      | Noticed NinjaNoafa's ghost (amateur DsGl)
  4810 | D:4      | Found a transporter.
  4893 | D:4      | Reached ** piety under Hepliaklqana
  4897 | D:4      | Remembered your ancestor Hamal as a knight
  4911 | D:4      | Noticed Dowan
  4919 | D:4      | Noticed Duvessa
  4921 | D:4      | Killed Dowan
  4924 | D:4      | Killed Duvessa
  4925 | D:4      | Reached XP level 8. HP: 41/41 MP: 0/15
  5085 | D:4      | Reached skill level 3 in Transmutations
  5574 | D:5      | Entered Level 5 of the Dungeon
  5696 | D:5      | Reached skill level 5 in Spellcasting
  5697 | D:5      | HP: 10/41 [something/puff of flame (5)]
  5709 | D:5      | HP: 9/41 [orc/+0 hand axe (2)]
  5710 | D:5      | Killed from afar by an orc priest

Vanquished Creatures
  Sigmund (D:2)
  A black bear (D:3)
  2 bullfrogs
  Dowan (D:4)
  2 hounds
  Terence (D:3)
  2 orc wizards (D:4)
  3 gnolls (D:4)
  7 adders
  A river rat (D:4)
  An ufetubus (D:5)
  A worm (D:3)
  3 dart slugs
  7 orcs
  15 ball pythons
  12 bats
  13 endoplasms
  11 giant cockroaches
  3 goblins
  5 hobgoblins
  8 jackals
  A kobold (D:1)
  11 quokkas
  7 frilled lizards
  6 rats
125 creatures vanquished.

Vanquished Creatures (collateral kills)
  Duvessa (D:4)
  An ogre (D:4)
  A bullfrog (Sewer)
  A hound (D:5)
  An adder (Sewer)
  A gnoll (D:4)
  A worm (D:4)
  An orc (D:5)
  An endoplasm (Sewer)
  2 giant cockroaches (Sewer)
  A quokka (Sewer)
  4 ball pythons (Sewer)
  3 frilled lizards (Sewer)
19 creatures vanquished.

Vanquished Creatures (others)
  An orc wizard (D:5)
  5 toadstools (D:1)
6 creatures vanquished.

Grand Total: 150 creatures vanquished

Table legend:
 A = Non-vault XP
 B = Vault XP
 C = Vault XP percentage of total XP
 D = Non-vault monster count
 E = Vault monster count
 F = Vault count percentage of total count
                 A         B        C        D         E       F
            +---------+---------+-------+---------+---------+-------
      Total |     823 |     789 |  48.9 |      87 |      58 |  40.0
            +---------+---------+-------+---------+---------+-------
        D:1 |      47 |       1 |   2.1 |      28 |       1 |   3.4
        D:2 |      78 |     226 |  74.3 |      22 |       1 |   4.3
        D:3 |     195 |      36 |  15.6 |      11 |       1 |   8.3
        D:4 |     400 |     237 |  37.2 |      21 |       8 |  27.6
        D:5 |     103 |       0 |   0.0 |       5 |       0 |   0.0
      Sewer |       0 |     289 | 100.0 |       0 |      47 | 100.0
            +---------+---------+-------+---------+---------+-------

Illustrated notes

Table legend:
 A = Kills in this place as a percentage of kills in entire the game.
 B = Kills by you in this place as a percentage of kills by you in the entire game.
 C = Kills by friends in this place as a percentage of kills by friends in the entire game.
 D = Other kills in this place as a percentage of other kills in the entire game.
 E = Experience gained in this place as a percentage of experience gained in the entire game.
 F = Experience gained in this place divided by the number of levels of this place that you have seen.
                   A       B       C       D       E      F
               +-------+-------+-------+-------+-------+----------------------
         Total | 100.0 | 100.0 | 100.0 | 100.0 | 100.0 | 268.7
       Dungeon |  67.6 |  72.8 |  31.6 | 100.0 |  82.1 | 264.6
         Sewer |  32.4 |  27.2 |  68.4 |   0.0 |  17.9 | 289.0
               +-------+-------+-------+-------+-------+----------------------

Table legend: (Time is in decaauts)
 A = Elapsed time spent in this place.
 B = Non-inter-level travel time spent in this place.
 C = Inter-level travel time spent in this place.
 D = Time resting spent in this place.
 E = Time spent auto-exploring this place.
 F = Levels seen in this place.
 G = Mean time per level.
                   A        B        C        D        E       F      G
               +--------+--------+--------+--------+--------+-----+--------+
         Total |   5746 |   5370 |    376 |   1112 |   3379 |   6 |  957.7 |
       Dungeon |   4993 |   4617 |    376 |    712 |   3241 |   5 |  998.6 |
         Sewer |    752 |    752 |      0 |    400 |    138 |   1 |  752.0 |
               +--------+--------+--------+--------+--------+-----+--------+

Top non-repeatable levels by time:
     D:2: 1583 daAuts
     D:3: 1345 daAuts
     D:4: 1040 daAuts
     D:1: 888 daAuts
   Sewer: 752 daAuts
     D:5: 135 daAuts
